cohdb
Replays
Latest Replays
All Replays
Popular Replays
Top Player Replays
Match Explorer
How It Works
Community
CoH3 Stats
Reddit
Sign in to upload your games and track your stats! →
Sign in with Steam
Match 42619543
Unlisted
Match 42619543
Overview
Messages
Build Orders
End
Construct Section Command Post
Royal Engineer Section
Dingo Light Scout Car
Infantry Section
Selects Indian Artillery Battlegroup
Infantry Section
Construct Platoon Command Post
Selects Artillery Saturation
Selects War Cry
6-pounder Anti-tank Gun Team
CMP 15cwt Truck
Selects Gurkha Rifles Section
Gurkha Rifles Section
Unlock Bishop Self-propelled Artillery
Bishop Self-propelled Artillery
[PD]Folscher
Apache
Vasilli Grozny
Manu
JollyRoger
Valdai
DreAm
Sailor
0
0
Comments
sign in to comment!
No comments posted yet!